 Dungeon Crawl Stone Soup version 0.30.0-29-ga12c61a403 (webtiles) character file.

Game seed: 11655043546443934837

15738 Graphine the Demon Slayer (level 12, -5/110 HPs)
             Began as a Hill Orc Fighter on June 20, 2023.
             Was a High Priest of the Shining One.
             Slain by an ogre
             ... wielding a +0 giant club
              (22 damage)
             ... on level 2 of the Orcish Mines.
             The game lasted 00:22:09 (8544 turns).

Graphine the Demon Slayer (Hill Orc Fighter)        Turns: 8544, Time: 00:22:09

Health: -5/110     AC: 18    Str: 24    XL:     12   Next: 30%
Magic:  0/32       EV: 10    Int:  8    God:    the Shining One [*****.]
Gold:   755        SH: 12    Dex: 15    Spells: 11/11 levels left

rFire   . . .        a - +0 war axe
rCold   . . .        i - +1 kite shield
rNeg    + + +        j - +0 acid dragon scales
rPois   +            g - +0 helmet
rElec   .            e - +0 cloak
rCorr   +            (no gloves)
SInv    .            L - +1 pair of boots
Will    .....        u - amulet of the Sky {Spirit rPois MP+9 Dex+5 Stlth-} Stlth
                     h - ring of positive energy
HPRegen 0.38/turn    k - +4 ring of protection
MPRegen 0.23/turn

%: guardian spirit
@: about to teleport, glowing, studying Invocations
A: no striking features
a: Renounce Religion, Divine Shield, Cleansing Flame, Summon Divine Warrior


You were on level 2 of the Orcish Mines.
You worshipped the Shining One.
The Shining One was extremely pleased with you.
You visited 2 branches of the dungeon, and saw 11 of its levels.
You also visited: Ossuary.

You collected 755 gold pieces.

Inventory:

Hand Weapons
 a - a +0 war axe (weapon)
 y - the +6 long sword of the Haunted God {heavy, rElec rPois Str+3 Int-4}
   (You found it on level 6 of the Dungeon)

   Str:       It affects your strength (+3).
   Int:       It affects your intelligence (-4).
   rElec:     It insulates you from electricity.
   rPois:     It protects you from poison.
 C - the +5 scythe "Finisher" {speed, execute}
   (You found it on level 8 of the Dungeon)
Armour
 e - a +0 cloak (worn)
 g - a +0 helmet (worn)
 i - a +1 kite shield (worn)
 j - +0 acid dragon scales (worn)
 L - a +1 pair of boots (worn)
Jewellery
 h - a ring of positive energy (left hand)
 k - a +4 ring of protection (right hand)
 p - a ring of positive energy
 u - the amulet of the Sky (around neck) {Spirit rPois MP+9 Dex+5 Stlth-}
   (You acquired it on level 5 of the Dungeon)

   [amulet of guardian spirit]

   It causes incoming damage to be divided between your reserves of health and
   magic.
   Dex:       It affects your dexterity (+5).
   rPois:     It protects you from poison.
   MP:        It affects your magic capacity (+9).
   Stlth:     It makes you less stealthy.
 B - a +6 ring of strength
 E - a ring of wizardry
 K - an amulet of the acrobat
Wands
 q - a wand of acid (7)
 x - a wand of charming (11)
Scrolls
 b - 5 scrolls of fog
 n - a scroll of enchant weapon {unknown}
 o - 2 scrolls of silence
 v - 4 scrolls of teleportation
 D - a scroll of magic mapping
 H - a scroll of amnesia
Potions
 c - 4 potions of lignification
 l - 2 potions of invisibility
 r - 3 potions of brilliance
 s - 2 potions of degeneration
 z - 2 potions of haste
 A - 2 potions of attraction
 F - a potion of flight


   Skills:
 + Level 11.6 Fighting
 + Level 12.1 Axes
 - Level 10.0 Armour
 - Level 10.0 Shields
 + Level 14.7 Invocations


You had 11 spell levels left.
You didn't know any spells.
Your spell library contained the following spells:

 Spells                   Type           Power      Damage    Failure   Level
 Shock                    Conj/Air       0%         1d3       65%         1
 Portal Projectile        Hex/Tloc       0%         N/A       95%         3
 Swiftness                Air            0%         N/A       95%         3
 Tukima's Dance           Hex            0%         N/A       95%         3
 Airstrike                Air            0%         2d(0-16)  100%        4
 Blade Hands              Tmut           0%         N/A       100%        5


Dungeon Overview and Level Annotations

Branches:
Dungeon (9/15)             Temple (0/1) D:5            Lair (0/5) D:9
    Orc (2/2) D:9         Ossuary (visited)
    Elf: Orc:2

Altars:
Fedhas
Makhleb
Nemelex Xobeh
Qazlal
Ru
Trog
Uskayaw
The Shining One

Shops:
Orc:2 :(=:

Annotations:
Orc:2 2 transporters, TangoThomas's ghost, journeyman DsRe


Message History

As you read the scroll of teleportation, it crumbles to dust.
You feel strangely unstable.
The ogre shouts!
You block the orc's attack. You block the orc's attack.
The orc high priest mumbles some strange prayers.
The orc attacks as you move away! You block the orc's attack.
An orc comes into view. It is wielding a +0 morningstar.
The orc shouts!
You hear a shout!
The orc attacks as you move away! You block the orc's attack.
The orc warrior attacks as you move away!
The orc warrior hits you with a +0 short sword.
* * * LOW HITPOINT WARNING * * *
You feel a little less mighty now.
An orc wizard comes into view. It is wielding a +0 dagger.
The orc high priest mumbles some strange prayers.
Your surroundings suddenly seem different.
Found 60 gold pieces and a thin smoking staff.
The ogre shouts!
The orc sorcerer shouts!
You hear a shout!
Your divine shield fades away.
The ogre shouts!
You hear a shout! x2
The orc sorcerer attacks as you move away!
The orc sorcerer hits you but does no damage.
The ogre hits you with a +0 giant spiked club!
* * * LOW HITPOINT WARNING * * *
Okay, then.
Okay, then.
As you read the scroll of fog, it crumbles to dust.
The scroll dissolves into smoke.
The orc sorcerer hits you but does no damage.
The ogre misses you.
The ogre hits you with a +0 giant spiked club!
* * * LOW HITPOINT WARNING * * *
As you read the scroll of teleportation, it crumbles to dust.
You feel strangely unstable.
The orc sorcerer hits you with a +0 dagger.
* * * LOW HITPOINT WARNING * * *
You feel better. The ogre completely misses you.
The ogre hits you with a +0 giant club!!
You die...

..O..OO.O.O.....#........##.....
......∩∩..).o.............######
..O...∩∩.).........#............
.............4..#o....#.........
...............##........$.....
............####..............
#####..########O§.............
........§§OOO#....#.......
.....§§@o###....##...$.
########## #.....#.....
##.......... ###.........
........o #........ .....o
...... ......


You could see an orc sorcerer and 4 ogres.

Vanquished Creatures
  2 ogre magi (Orc:2)
  4 two-headed ogres
  A skeletal warrior (D:8)
  A cyclops (D:6)
  A gargoyle (D:6)
  Psyche (D:8)
  A kobold demonologist (D:9)
  A vampire (D:6)
  A wraith (D:8)
  6 yaks (D:8)
  2 steam dragons
  2 wargs (D:9)
  3 water moccasins
  6 orc warriors
  5 ice beasts
  A black bear (D:5)
  A sky beast (D:3)
  5 ogres
  4 centaurs
  Blork the orc (D:6)
  5 bullfrogs
  8 scorpions
  5 wights (D:8)
  15 killer bees
  A centaur zombie (Ossuary)
  A howler monkey (D:7)
  3 human zombies (Ossuary)
  7 hounds
  A jelly (D:5)
  8 orc priests
  3 sleepcaps
  An iguana (D:4)
  10 orc wizards
  4 mummies
  3 gnolls (D:5)
  6 adders
  A shadow imp (D:6)
  4 ufetubi
  A worm (D:2)
  2 dart slugs
  35 orcs
  3 bats
  6 endoplasms
  3 giant cockroaches
  A gnoll zombie (Ossuary)
  10 hobgoblins
  4 jackals (D:2)
  3 quokkas
  9 ball pythons
  3 frilled lizards (D:1)
  6 goblins
  A goblin zombie (Ossuary)
  4 hobgoblin zombies (Ossuary)
  3 kobolds
  3 kobold zombies (Ossuary)
  2 orc zombies (Ossuary)
  4 rats
238 creatures vanquished.

Vanquished Creatures (collateral kills)
  5 two-headed ogres (Orc:2)
  2 orc warriors (Orc:1)
  5 ogres
  An orc wizard (Orc:1)
  3 orcs (Orc:1)
16 creatures vanquished.

Grand Total: 254 creatures vanquished

Notes
Turn   | Place    | Note
-------+----------+-------------------------------------------
     0 | D:1      | Graphine the Hill Orc Fighter began the quest for the Orb.
     0 | D:1      | Reached XP level 1. HP: 19/19 MP: 1/1
   340 | D:1      | Reached XP level 2. HP: 27/27 MP: 2/2
   449 | D:1      | Reached skill level 1 in Invocations
   952 | D:2      | Reached XP level 3. HP: 32/33 MP: 3/3
   986 | D:2      | Found a faded altar of an unknown god.
  1007 | D:2      | Prayed at the altar of an unknown god.
  1007 | D:2      | Became a worshipper of the Shining One
  1007 | D:2      | Reached * piety under the Shining One
  1215 | D:2      | Reached XP level 4. HP: 36/40 MP: 5/5
  1564 | D:3      | Reached skill level 2 in Invocations
  2098 | D:3      | Found a stormy altar of Qazlal.
  2098 | D:3      | Noticed a sky beast
  2111 | D:3      | Killed a sky beast
  2112 | D:3      | Reached XP level 5. HP: 42/47 MP: 5/7
  2356 | D:4      | Reached skill level 3 in Invocations
  2356 | D:4      | Reached XP level 6. HP: 51/53 MP: 8/8
  2621 | D:4      | Reached skill level 5 in Fighting
  2840 | D:5      | Entered Level 5 of the Dungeon
  2845 | D:5      | Reached ** piety under the Shining One
  2915 | D:5      | Reached XP level 7. HP: 39/61 MP: 9/9
  3109 | D:5      | Reached skill level 5 in Axes
  3109 | D:5      | Reached skill level 5 in Armour
  3109 | D:5      | Reached skill level 5 in Shields
  3109 | D:5      | Reached skill level 4 in Invocations
  3132 | D:5      | Found a sparkling altar of Nemelex Xobeh.
  3306 | D:5      | Found a staircase to the Ecumenical Temple.
  3843 | D:5      | Identified a scroll of acquirement
  3843 | D:5      | Acquired the amulet of the Sky {Spirit rPois MP+9 Dex+5
                  | Stlth-}
  3909 | D:6      | Identified the +6 long sword of the Haunted God {heavy,
                  | rElec rPois Str+3 Int-4}
  3914 | D:6      | Reached XP level 8. HP: 70/70 MP: 11/11
  3965 | D:6      | Found a sacrificial altar of Ru.
  3982 | D:6      | Reached skill level 5 in Invocations
  4348 | D:6      | Noticed a vampire
  4368 | D:6      | Killed a vampire
  4369 | D:6      | Reached skill level 6 in Invocations
  4375 | D:6      | Noticed a gargoyle
  4381 | D:6      | Killed a gargoyle
  4382 | D:6      | Reached XP level 9. HP: 56/79 MP: 13/13
  4450 | D:6      | Noticed a cyclops
  4464 | D:6      | Killed a cyclops
  4741 | D:6      | Noticed Blork the orc
  4750 | D:6      | Killed Blork the orc
  4793 | D:6      | Reached skill level 7 in Invocations
  4811 | D:6      | Acquired a manual of Invocations
  5161 | D:7      | Reached skill level 8 in Invocations
  5250 | D:7      | Found a bloodstained altar of Trog.
  5292 | D:7      | Reached XP level 10. HP: 87/88 MP: 16/16
  5294 | D:7      | Found a sand-covered staircase.
  5303 | Ossuary  | Entered an ossuary
  5349 | Ossuary  | Reached *** piety under the Shining One
  5394 | Ossuary  | Reached skill level 9 in Invocations
  5706 | D:7      | Found a blossoming altar of Fedhas.
  6149 | D:8      | Reached **** piety under the Shining One
  6197 | D:8      | Found a hide-covered altar of Uskayaw.
  6231 | D:8      | Noticed Psyche
  6243 | D:8      | Killed Psyche
  6244 | D:8      | Reached skill level 10 in Invocations
  6562 | D:8      | Found the +5 scythe "Finisher" {speed, execute}
  6566 | D:8      | Noticed a skeletal warrior
  6584 | D:8      | Killed a skeletal warrior
  6585 | D:8      | Reached skill level 10 in Axes
  6585 | D:8      | Reached skill level 11 in Invocations
  6585 | D:8      | Reached XP level 11. HP: 55/99 MP: 11/19
  7385 | D:9      | Noticed a cyclops
  7385 | D:9      | Noticed a boulder beetle
  7386 | D:9      | Noticed a white ugly thing
  7386 | D:9      | Noticed a centaur warrior
  7386 | D:9      | Noticed a boulder beetle
  7430 | D:9      | Found a burning altar of Makhleb.
  7473 | D:9      | Noticed a sun demon
  7603 | D:9      | Found a staircase to the Lair.
  7840 | D:9      | Reached skill level 10 in Fighting
  7894 | D:9      | Noticed a two-headed ogre
  7900 | D:9      | Killed a two-headed ogre
  7901 | D:9      | Reached skill level 12 in Invocations
  8037 | D:9      | Found a staircase to the Orcish Mines.
  8173 | Orc:1    | Entered Level 1 of the Orcish Mines
  8173 | Orc:1    | Reached ***** piety under the Shining One
  8449 | Orc:2    | Entered Level 2 of the Orcish Mines
  8449 | Orc:2    | Noticed a two-headed ogre
  8449 | Orc:2    | Noticed a two-headed ogre
  8449 | Orc:2    | Noticed a two-headed ogre
  8449 | Orc:2    | Noticed an ogre mage
  8449 | Orc:2    | Noticed an ogre mage
  8449 | Orc:2    | Noticed a two-headed ogre
  8449 | Orc:2    | Noticed a two-headed ogre
  8449 | Orc:2    | Noticed a two-headed ogre
  8449 | Orc:2    | Noticed an ogre mage
  8449 | Orc:2    | Noticed an ogre mage
  8449 | Orc:2    | Noticed a two-headed ogre
  8449 | Orc:2    | Noticed a two-headed ogre
  8449 | Orc:2    | Noticed a two-headed ogre
  8449 | Orc:2    | Noticed a two-headed ogre
  8449 | Orc:2    | Noticed a two-headed ogre
  8449 | Orc:2    | Noticed a two-headed ogre
  8449 | Orc:2    | Found Utsaraduth's Jewellery Shop.
  8449 | Orc:2    | Found Feph's Book Emporium.
  8449 | Orc:2    | Found Isaun's Book Shoppe.
  8449 | Orc:2    | Found Miwust's Weapon Shop.
  8452 | Orc:2    | Killed a two-headed ogre
  8452 | Orc:2    | Killed a two-headed ogre
  8452 | Orc:2    | Killed an ogre mage
  8452 | Orc:2    | Killed an ogre mage
  8452 | Orc:2    | Noticed a two-headed ogre
  8453 | Orc:2    | Reached skill level 13 in Invocations
  8453 | Orc:2    | Noticed a two-headed ogre
  8454 | Orc:2    | Killed a two-headed ogre
  8456 | Orc:2    | Noticed an orc sorcerer
  8459 | Orc:2    | Killed a two-headed ogre
  8460 | Orc:2    | Reached skill level 10 in Armour
  8460 | Orc:2    | Reached skill level 10 in Shields
  8460 | Orc:2    | Reached XP level 12. HP: 10/110 MP: 8/22
  8462 | Orc:2    | Killed a two-headed ogre
  8463 | Orc:2    | Reached skill level 14 in Invocations
  8466 | Orc:2    | Killed a two-headed ogre
  8473 | Orc:2    | Killed a two-headed ogre
  8474 | Orc:2    | Killed a two-headed ogre
  8510 | Orc:2    | Found a transporter.
  8513 | Orc:2    | Found a transporter.
  8513 | Orc:2    | Noticed TangoThomas's ghost (journeyman DsRe)
  8515 | Orc:2    | Noticed an orc high priest
  8517 | Orc:2    | Noticed an orc high priest
  8544 | Orc:2    | Slain by an ogre

Illustrated notes

Levels and vault maps discovered:
D:1:      dpeg_arrival_stonehenge_8_columns, layout_loops_corners
D:2:      layout_rooms, shapermc_ecumenical_altar_gd
D:3:      layout_basic, nicolae_qazlal_beasts_of_the_sky, st_stairs_8
D:4:      layout_basic, ebering_dispersal_statue_hall
D:5:      layout_loops_corners, nemelex_spade_bored_becter, temple_doors_cd,
          minmay_crossroads
D:6:      minmay_chambers_of_sixes, layout_rooms, lemuel_crystal_altar,
          kb_lookout_dungeons_type, kennysheep_diamond, kennysheep_flooded_box,
          uniq_blork_the_orc
D:7:      layout_basic, mainiacjoe_overflow_cross_hatched,
          nicolae_overflow_hidden_temple, gup_ossuary_entry_pyramid
D:8:      layout_layer_cave, nicolae_uskayaw_murder_on_the_dancefloor,
          minmay_guarded_unrand_finisher, uniq_psyche
D:9:      layout_gridville, mainiacjoe_overflow_six_doors_small,
          erik_lair_orcish_takeover, orc_0_dummy, minivault_12
Orc:1:    layout_caves, uniq_maurice
Orc:2:    st_orc_ogre_mass, layout_caves, portal_ice_cave_rime,
          gammafunk_ghost_arena

Skill      XL: |  1  2  3  4  5  6  7  8  9 10 11 12 |
---------------+-------------------------------------+-----
Axes           | 3 4 5 7 8 10 11 12 | 12.1
Invocations    | 1 2 3 4 6 8 11 13 14 | 14.7
Fighting       | 4 5 7 8 9 11 | 11.6
Armour         | 4 5 6 7 8 10 | 10.0
Shields        | 4 5 6 7 8 10 | 10.0

Action                     |  1- 3 |  4- 6 |  7- 9 | 10-12 || total
---------------------------+-------+-------+-------+-------++-------
  Melee: War axe           |    98 |   120 |   199 |   331 ||   748
         Unarmed           |       |       |       |     6 ||     6
 Invoke: Divine Shield     |       |       |     2 |     2 ||     4
         Cleansing Flame   |       |       |       |     2 ||     2
         Summon Divine War |       |       |       |     2 ||     2
    Use: Scroll            |     1 |     9 |     6 |    15 ||    31
         Potion            |       |       |     1 |    15 ||    16
 Armour: Scale mail        |    32 |       |       |       ||    32
         Acid dragon scale |    13 |    67 |   133 |   122 ||   335
         Skin              |       |       |       |     1 ||     1
  Dodge: Dodged            |    42 |    36 |   100 |   127 ||   305
  Block: Buckler           |    10 |       |       |       ||    10
         Kite shield       |    10 |    77 |   162 |   279 ||   528
